 Dungeon Crawl Stone Soup version 0.31-a0-986-g5e6e4ef867 (webtiles) character file.

Game seed: 8342882881363690116

2223 bmb222 the Ruffian (level 9, 0/62 HPs)
             Began as a Demonspawn Shapeshifter on Nov 22, 2023.
             Was an Initiate of Gozag.
             Slain by a quokka (3 damage)
             ... summoned by Gastronok
             ... on level 8 of the Dungeon.
             The game lasted 00:10:21 (7279 turns).

bmb222 the Ruffian (Demonspawn Shapeshifter)        Turns: 7279, Time: 00:10:22

Health: 0/62       AC: 13    Str: 20    XL:     9   Next: 13%
Magic:  9/9        EV:  8    Int: 11    God:    Gozag
Gold:   414        SH:  0    Dex: 12    Spells: 8/8 levels left

rFire   + +          .
                       - Unarmed
rCold   . . .        (no shield)
rNeg    . . .        n - +1 chain mail
rPois   .            (helmet currently unavailable)
rElec   .            (cloak currently unavailable)
rCorr   .            (gloves currently unavailable)
SInv    .            (boots currently unavailable)
Will    .....        (no amulet) Stlth
                     e - ring of protection from fire
HPRegen 0.30/turn    u - ring of protection from fire
MPRegen 0.11/turn

%: no passive effects
@: mighty, beast-form, slowed, very slow
A: beast (slay +3), yellow scales 1, powered by pain 3
a: Begin Untransformation, Renounce Religion, Potion Petition, Call Merchant,
Bribe Branch


You were on level 8 of the Dungeon.
You worshipped Gozag.
Gozag was aware of your devotion.
You were a hulking beast.
You visited 2 branches of the dungeon, and saw 10 of its levels.

You collected 483 gold pieces.
You paid 69 gold pieces to Gozag.

Inventory:

Hand Weapons
 q - a +1 whip of freezing
Missiles
 m - a throwing net
Armour
 a - a +0 animal skin
 n - a +1 chain mail (worn)
 o - a +0 cloak
 y - a +2 pair of gloves
 I - a +2 cloak
Jewellery
 e - a ring of protection from fire (left hand)
 u - a ring of protection from fire (right hand)
 A - a ring of positive energy
Talismans
 c - a beast talisman
 d - a flux talisman
Wands
 p - a wand of flame (23)
 F - a wand of polymorph (12)
Scrolls
 g - 4 scrolls of blinking
 i - 3 scrolls of noise
 r - a scroll of brand weapon
 v - a scroll of vulnerability
 w - a scroll of amnesia
 z - 2 scrolls of teleportation
 C - a scroll of revelation {unknown}
 E - a scroll of poison
 G - 2 scrolls of fear
Potions
 b - 2 potions of lignification
 f - a potion of enlightenment
 h - a potion of might
 j - 2 potions of brilliance
 k - 3 potions of resistance
 l - a potion of heal wounds {unknown}
 s - a potion of berserk rage
 t - a potion of cancellation
 B - a potion of mutation {unknown}
 D - a potion of haste {unknown}
 H - a potion of curing {unknown}


   Skills:
 + Level 2.6 Fighting
 * Level 6.5 Armour
 - Level 1.7 Dodging
 - Level 0.1 Stealth
 + Level 7.5 Unarmed Combat
 * Level 5.2 Shapeshifting


You had 8 spell levels left.
You didn't know any spells.
Your spell library contained the following spells:

 Spells                   Type           Power      Damage    Failure   Level
 Scorch                   Fire           0%         2d5       98%         2
 Flame Wave               Conj/Fire      0%         2d4       100%        4
 Summon Cactus Giant      Summ           0%         N/A       100%        6


Dungeon Overview and Level Annotations

Branches:
Dungeon (9/15)             Temple (1/1) D:5
   Lair: D:8-11         Orc: D:9-12

Altars:
Ashenzari
Cheibriados
Dithmenos
Fedhas
Gozag
Hepliaklqana
Makhleb
Okawaru
Qazlal
Ru
Sif Muna
Trog
Vehumet
Wu Jian
Xom
Yredelemnul

Shops:
D:4 *

Annotations:
D:3 1 runed translucent door, gebbletook2's ghost, amateur OpSh
D:6 1 runed translucent door, Crazy Yiuf
D:8 Gastronok


Innate Abilities, Weirdness & Mutations

You are a hulking beast.
Your limbs bulge with bestial killing power. (Slay +3)
You are partially covered in yellow scales. (AC +2)
You are powered by pain.


Message History

s - a potion of berserk rage
As you read the scroll of identify, it crumbles to dust.
t - a potion of cancellation You feel very mighty all of a sudden.
Gastronok looks at you and mumbles some strange words.
You feel yourself slow down.
Okay, then.
Gastronok gurgles, "It's true, you are what you eat."
Gastronok chants a spell, wobbling all the while.
You closely miss the quokka.
The quokka bites you but does no damage.
You punch the quokka!
You kill the quokka!
The quokka's corpse disappears in a puff of smoke!
Gastronok waves his eye-stalks in wide circles.
The air twists around and strikes you!!
Gastronok casts a spell.
You completely miss Gastronok.
Gastronok is lightly wounded.
The quokka closely misses you.
You hit Gastronok.
Gastronok is lightly wounded.
The quokka bites you but does no damage.
The river rat barely misses you. Gastronok bites you.
You pummel Gastronok!!
Gastronok is lightly wounded.
The quokka bites you but does no damage.
The river rat barely misses you.
The quokka bites you but does no damage.
Gastronok bites you!!
* * * LOW HITPOINT WARNING * * *
The river rat bites you.
* * * LOW HITPOINT WARNING * * *
The quokka closely misses you. The river rat bites you.
* * * LOW HITPOINT WARNING * * *
The quokka attacks as it pursues you! The quokka completely misses you.
Gastronok mumbles some strange words.
Gastronok puts on a burst of speed!
The quokka bites you.
You die...
Your body crumbles into a pile of gold.

####.. #..#.#
#..#.# .####
#..#.# .....#..#.#
#..#w.#.#
#...r.#.# ###
##.#r##.# #....
#+#.h..###......
#.................
#.......####......
#.......# #####
#.......#
#.......#
#.......#
#########


You could see Gastronok (swift), a river rat (summoned) and a quokka (summoned).

Vanquished Creatures
  Pikel (D:6)
  Sigmund (D:2)
  A steam dragon (D:8)
  A black bear (D:6)
  An ogre (D:4)
  2 ice beasts (D:6)
  A lemure (D:6)
  A phantom (D:6)
  A bullfrog (D:8)
  2 scorpions
  3 howler monkeys
  5 hounds
  2 jellies (D:5)
  Ijyb (D:5)
  Terence (D:3)
  9 iguanas
  2 orc wizards (D:5)
  11 adders
  2 white imps
  2 ufetubi (D:6)
  3 dart slugs
  20 orcs
  7 endoplasms
  3 giant cockroaches
  9 goblins
  7 hobgoblins
  9 jackals
  A quokka (D:2)
  5 ball pythons
  6 bats
  5 frilled lizards
  4 kobolds
  4 rats (D:1)
133 creatures vanquished.

Notes
Turn   | Place    | Note
-------+----------+-------------------------------------------
     0 | D:1      | bmb222 the Demonspawn Shapeshifter began the quest for the
                  | Orb.
     0 | D:1      | Reached XP level 1. HP: 15/15 MP: 1/1
   181 | D:1      | Reached skill level 3 in Unarmed Combat
   181 | D:1      | Gained mutation: You are partially covered in yellow
                  | scales. (AC +2) [demonic ancestry]
   181 | D:1      | Reached XP level 2. HP: 21/21 MP: 2/2
   683 | D:2      | Noticed Sigmund
   951 | D:2      | Gained mutation: You sometimes gain a little power by
                  | taking damage. [demonic ancestry]
   951 | D:2      | Reached XP level 3. HP: 22/26 MP: 3/3
  1225 | D:2      | Killed Sigmund
  1226 | D:2      | Reached skill level 1 in Armour
  1226 | D:2      | Reached skill level 4 in Unarmed Combat
  1226 | D:2      | Reached XP level 4. HP: 15/32 MP: 4/4
  1226 | D:2      | Reached XP level 5. HP: 17/37 MP: 5/5
  1619 | D:3      | Found a runed translucent door.
  1681 | D:3      | Found a burning altar of Makhleb.
  1723 | D:3      | Noticed gebbletook2's ghost (amateur OpSh)
  1824 | D:3      | Noticed Terence
  1880 | D:3      | Killed Terence
  1938 | D:3      | Reached XP level 6. HP: 38/43 MP: 6/6
  2902 | D:4      | Reached skill level 5 in Unarmed Combat
  2917 | D:4      | Gained mutation: You sometimes gain power by taking damage.
                  | [demonic ancestry]
  2917 | D:4      | Reached XP level 7. HP: 39/48 MP: 7/7
  2999 | D:4      | Found a snail-covered altar of Cheibriados.
  3187 | D:4      | Found Fessuon's General Store.
  4136 | D:5      | Entered Level 5 of the Dungeon
  4217 | D:5      | Noticed Ijyb
  4292 | D:5      | Killed Ijyb
  4595 | D:5      | Found a staircase to the Ecumenical Temple.
  4599 | D:5      | Reached skill level 6 in Unarmed Combat
  4660 | Temple   | Entered the Ecumenical Temple
  4672 | Temple   | Became a worshipper of Gozag Ym Sagoz the Greedy
  4686 | D:5      | Gained mutation: You are powered by pain. [demonic
                  | ancestry]
  4686 | D:5      | Reached XP level 8. HP: 31/56 MP: 8/8
  5403 | D:6      | Reached skill level 5 in Armour
  5560 | D:6      | Noticed Pikel
  6427 | D:6      | Killed Pikel
  6428 | D:6      | Reached skill level 7 in Unarmed Combat
  6428 | D:6      | Reached skill level 5 in Shapeshifting
  6662 | D:6      | Reached XP level 9. HP: 56/62 MP: 9/9
  6923 | D:6      | Found a runed translucent door.
  6924 | D:6      | Noticed Crazy Yiuf
  7009 | D:7      | You fall into a shaft and drop 2 floors!
  7261 | D:8      | Noticed Gastronok
  7278 | D:8      | HP: 2/62 [river rat[Gastronok] (5)]
  7279 | D:8      | Slain by a quokka

Illustrated notes

Levels and vault maps discovered:
D:1:      spicycebolla_arrival_ecumenical, layout_rooms
D:2:      layout_loops_corners, hangedman_decor_growths, hangedman_decor_lopped,
          chequers_serial_rivers_small_b, uniq_sigmund
D:3:      layout_loops_cross, lightli_temple_of_fire, ebering_ghost_sewer_d,
          kennysheep_generic_room_13, uniq_terence
D:4:      minmay_thinvault, layout_rooms, kennysheep_slug_shrine, serial_shops,
          nicolae_shop_real_fake_doors
D:5:      layout_loops_ring, temple_fountains, grunt_ministairs_7, uniq_ijyb
D:6:      layout_rooms, uniq_pikel, uniq_crazy_yiuf_cottage
D:7:      layout_basic, enter_bailey_2, nicolae_the_louvre
D:8:      layout_basic, uniq_erica, uniq_gastronok
D:9:      layout_loops_ring, old_standard_altar, ebering_ghost_gozag
Temple:   sentei_temple_godly_chess

Skill      XL: |  1  2  3  4  5  6  7  8 |
---------------+-------------------------+-----
Unarmed Combat | 3 4 5 6 7 |  7.5
Shapeshifting  | 3 4 5 |  5.2
Armour         | 1 2 3 4 6 |  6.5
Fighting       | 2 |  2.6
Dodging        | |  1.7
Stealth        | |  0.1

Action                     |  1- 3 |  4- 6 |  7- 9 || total
---------------------------+-------+-------+-------++-------
  Melee: Unarmed           |    98 |   134 |   362 ||   594
         Punch             |     2 |     6 |    15 ||    23
  Evoke: Wand              |       |       |     3 ||     3
    Use: Scroll            |     4 |       |    15 ||    19
         Potion            |       |       |     1 ||     1
   Stab: Sleeping          |     1 |       |       ||     1
 Armour: Animal skin       |    25 |       |       ||    25
         Chain mail        |    44 |   127 |   268 ||   439
         Skin              |       |       |     3 ||     3
  Dodge: Dodged            |    44 |    71 |   133 ||   248

Table legend: (Time is in decaauts)
 A = Elapsed time spent in this place.
 B = Non-inter-level travel time spent in this place.
 C = Inter-level travel time spent in this place.
 D = Time resting spent in this place.
 E = Time spent auto-exploring this place.
 F = Levels seen in this place.
 G = Mean time per level.
                   A        B        C        D        E       F      G
               +--------+--------+--------+--------+--------+-----+--------+
         Total |   7222 |   7038 |    184 |   1218 |   4506 |  10 |  722.2 |
       Dungeon |   7203 |   7019 |    184 |   1218 |   4506 |   9 |  800.3 |
        Temple |     18 |     18 |      0 |      0 |      0 |   1 |   18.0 |
               +--------+--------+--------+--------+--------+-----+--------+

Top non-repeatable levels by time:
     D:5: 1657 daAuts
     D:4: 1506 daAuts
     D:6: 1125 daAuts
     D:3: 1041 daAuts
     D:2: 1030 daAuts
     D:1: 532 daAuts
     D:8: 257 daAuts
     D:7: 40 daAuts
  Temple: 18 daAuts
     D:9: 11 daAuts
